 Dungeon Crawl Stone Soup version 0.30.1-4-g462c640d31 (webtiles) character file.

Game seed: 8299755004920224523

6385 SkaRiot the Grappler (level 10, 28/104 HPs)
             Began as a Troll Fighter on Aug 17, 2023.
             Was a High Priest of Wu Jian.
             Quit the game on level 9 of the Dungeon on Aug 18, 2023.
             The game lasted 01:14:37 (8547 turns).

SkaRiot the Grappler (Troll Fighter)                Turns: 8547, Time: 01:14:38

Health: 28/104     AC:  6    Str: 31    XL:     10   Next: 66%
Magic:  12/12      EV:  8    Int:  9    God:    Wu Jian [*****.]
Gold:   362        SH: 14    Dex: 12    Spells: 13/13 levels left

rFire   . .          .
                       - Unarmed
rCold   . . .        u - +0 tower shield of the Meadowlark {Int+3 Dex+3}
rNeg    . . .        r - +2 robe of the Villain {Str+3}
rPois   +            (helmet restricted)
rElec   .            (no cloak)
rCorr   .            (gloves unavailable)
SInv    .            (boots unavailable)
Will    +....        (no amulet)
Stlth   +            d - ring of willpower
HPRegen 1.17/turn    K - ring of poison resistance
MPRegen 0.13/turn

%: no passive effects
@: no status effects
A: large, unfitting armour, claws 3, regeneration 1, shaggy fur 1, tough skin 1
a: Renounce Religion, Wall Jump, Serpent's Lash, Heavenly Storm


You were on level 9 of the Dungeon.
You worshipped Wu Jian.
Wu Jian was extremely pleased with you.
You visited 2 branches of the dungeon, and saw 10 of its levels.
You also visited: Ossuary.

You collected 614 gold pieces.
You spent 252 gold pieces at shops.

Inventory:

Hand Weapons
 l - a +0 sling of freezing
 w - the +5 quarterstaff of the Eggplant {vamp, rF++}
   (You found it on level 4 of the Dungeon)

   rF:        It greatly protects you from fire.
Missiles
 k - 64 stones
 q - 8 boomerangs (quivered)
 v - 3 atropa-tipped darts
 G - 10 poisoned darts
 L - a curare-tipped dart
Armour
 b - a +0 kite shield
 r - the +2 robe of the Villain (worn) {Str+3}
   (You found it on level 5 of the Dungeon)

   Str:       It affects your strength (+3).
 u - the +0 tower shield of the Meadowlark (worn) {Int+3 Dex+3}
   (You acquired it on level 5 of the Dungeon)

   Int:       It affects your intelligence (+3).
   Dex:       It affects your dexterity (+3).
 H - a +0 robe of cold resistance
 M - the +0 robe of Generosity {-Cast rN++ Dex+5}
   (You found it on level 8 of the Dungeon)

   Dex:       It affects your dexterity (+5).
   rN:        It greatly protects you from negative energy.
   -Cast:     It prevents spellcasting.
Magical Staves
 o - a staff of poison
 D - a staff of earth
Jewellery
 d - a ring of willpower (left claw)
 K - a ring of poison resistance (right claw)
 P - a ring of see invisible
 T - a ring of positive energy
Wands
 s - a wand of roots (3)
 E - a wand of quicksilver (5)
 I - a wand of polymorph (7)
 J - a wand of flame (26)
Scrolls
 f - 3 scrolls of fog
 g - a scroll of brand weapon
 h - 2 scrolls of noise
 j - 2 scrolls of amnesia {unknown}
 n - 2 scrolls of vulnerability
 p - 3 scrolls of poison
 y - a scroll of magic mapping
 C - a scroll of blinking {unknown}
 N - a scroll of silence {unknown}
 O - a scroll of enchant weapon {unknown}
 R - a scroll of torment {unknown}
 S - a scroll of identify
Potions
 a - a potion of ambrosia
 c - a potion of might
 e - 2 potions of flight
 i - 6 potions of curing
 m - 5 potions of heal wounds
 t - 3 potions of haste
 x - a potion of attraction
 z - 3 potions of invisibility {unknown}
 A - 2 potions of mutation {unknown}
 B - 3 potions of degeneration {unknown}
 F - 4 potions of resistance {unknown}
 Q - a potion of brilliance {unknown}


   Skills:
 + Level 8.1 Fighting
 - Level 2.0 Throwing
 - Level 3.0 Dodging
 + Level 7.8 Shields
 - Level 10.0 Unarmed Combat
 - Level 2.0 Spellcasting


You had 13 spell levels left.
You didn't know any spells.
Your spell library contained the following spells:

 Spells                   Type           Power      Damage    Failure   Level
 Sandblast                Erth           0%         2d4       71%         1
 Blink                    Tloc           0%         N/A       83%         2
 Lesser Beckoning         Tloc           0%         N/A       83%         2
 Momentum Strike          Conj/Tloc      0%         3d8       83%         2
 Passwall                 Tmut/Erth      0%         N/A       83%         2
 Stone Arrow              Conj/Erth      0%         3d7       97%         3
 Manifold Assault         Tloc           0%         N/A       100%        4
 Storm Form               Tmut/Air       0%         N/A       100%        7


Dungeon Overview and Level Annotations

Branches:
Dungeon (9/15)             Temple (1/1) D:5            Lair (0/5) D:8
Ossuary (visited)
    Orc: D:9-12

Altars:
Ashenzari
Cheibriados
Dithmenos
Fedhas
Gozag
Hepliaklqana
Kikubaaqudgha
Makhleb
Nemelex Xobeh
Okawaru
Qazlal
Ru
Sif Muna
Trog
Uskayaw
Vehumet
Wu Jian
Xom
Yredelemnul
Zin
The Shining One

Shops:
D:4 [   D:6 :

Annotations:
D:5 1 runed translucent door, Stellion's ghost, novice GnFi


Innate Abilities, Weirdness & Mutations

You are too large for most types of armour.
You have claws for hands.
Your natural rate of healing is unusually fast.
You are covered in fur. (AC +1)
You have tough skin. (AC +1)


Message History

You scratch the kobold demonologist but do no damage.
The shadow imp hits you but does no damage.
The kobold demonologist looks encouraged for a moment.
You block the iron imp's attack. You block the ufetubus's attack. x2
The kobold demonologist shouts!
You claw the kobold demonologist!
The kobold demonologist is moderately wounded.
You block the ufetubus's attack. x2
The kobold demonologist hits you but does no damage.
You block the kobold demonologist's attack.
The iron imp hits you!
You claw the kobold demonologist!
The kobold demonologist is heavily wounded.
You block the sixfirhy's attack. The sixfirhy hits you!
The sixfirhy shocks you! The sixfirhy closely misses you.
You block the ice devil's attack.
The kobold demonologist hits you with a +0 dagger. x2
The sixfirhy barely misses you. The iron imp puffs mist at you.
The iron imp hits you but does no damage.
You claw the kobold demonologist!
The kobold demonologist is severely wounded.
The sixfirhy hits you. The sixfirhy shocks you! The sixfirhy hits you!
The sixfirhy shocks you!
* * * LOW HITPOINT WARNING * * *
You block the sixfirhy's attack. You block the ice devil's attack.
The white imp barely misses you.
The kobold demonologist mumbles some strange words.
The kobold demonologist gestures wildly while chanting.
The kobold demonologist barely misses you.
You barely miss the kobold demonologist.
The kobold demonologist is severely wounded.
The white imp disappears in a puff of smoke!
You block the iron imp's attack. You block the ice devil's attack.
The kobold demonologist hits you with a +0 dagger.
* * * LOW HITPOINT WARNING * * *
The kobold demonologist mumbles some strange words.
The ufetubus barely misses you. You block the ufetubus's attack.
The ufetubus closely misses you. The ufetubus misses you.
Are you sure you want to abandon this character and quit the game? (Confirm with "yes".)

#.# ##.# ### #..# ##.# #..#
#..# #<.## #..# ## ##.5##
##..# .# #...##########...#
.# ##......K55<.K...# '###
#.....53@45.3...# ...#
##.....54K.K....# .###
#############..######## .#
######## ##........# ##
.......### ##......###
#####+####.....### #.....###
##.......##......#####.....#
##.......##.##.....##K....##
'.........'.###...........#


You could see an ice devil (summoned), a rust devil (summoned), 3 kobold
demonologists, a sixfirhy (summoned), a neqoxec (summoned), an iron imp
(summoned), a quasit (summoned), a shadow imp (summoned), 2 ufetubi and a
kobold.

Vanquished Creatures
  A kobold demonologist (D:9)
  A komodo dragon (D:8)
  6 yaks (D:8)
  A water moccasin (D:5)
  3 hornet zombies (D:7)
  An orc warrior (D:8)
  A black bear (D:6)
  The ghost of hawla the Firebug, an amateur MeFE (D:4)
  2 centaurs (D:8)
  3 ogres
  A phantom (D:6)
  2 kobold brigands (D:7)
  A bullfrog (D:9)
  A gnoll sergeant (D:6)
  An elf zombie (D:4)
  An elf skeleton (D:4)
  6 water moccasin zombies
  15 wights
  17 killer bees
  7 howler monkeys
  8 centaur zombies (D:7)
  A bullfrog zombie (D:7)
  A gnoll bouda (D:6)
  6 orc priests
  2 jellies (D:6)
  A sleepcap (D:7)
  2 human skeletons (D:4)
  7 iguanas
  Natasha (thrice) (D:4)
  Terence (D:2)
  2 orc wizards
  5 killer bee zombies (D:7)
  2 mummies (Ossuary)
  2 howler monkey zombies (D:7)
  Robin (D:2)
  15 gnolls
  4 adders
  2 white imps
  4 adder zombies (Ossuary)
  A worm (D:5)
  4 dart slugs
  26 orcs
  5 ball pythons
  5 bats
  3 endoplasms
  2 giant cockroaches (D:4)
  5 gnoll zombies (Ossuary)
  18 goblins
  6 hobgoblins
  2 quokkas (D:1)
  2 frilled lizards
  2 hobgoblin zombies (Ossuary)
  15 kobolds
  3 kobold zombies (Ossuary)
  An orc skeleton (D:4)
  8 orc zombies
  5 rats
254 creatures vanquished.

Notes
Turn   | Place    | Note
-------+----------+-------------------------------------------
     0 | D:1      | SkaRiot the Troll Fighter began the quest for the Orb.
     0 | D:1      | Reached XP level 1. HP: 22/22 MP: 0/0
   276 | D:1      | Found a faded altar of an unknown god.
   326 | D:1      | Reached XP level 2. HP: 31/31 MP: 1/1
  1048 | D:2      | Reached skill level 1 in Throwing
  1053 | D:2      | Reached XP level 3. HP: 37/37 MP: 2/2
  1075 | D:2      | Noticed Robin
  1103 | D:2      | Killed Robin
  1189 | D:2      | Reached skill level 3 in Unarmed Combat
  1228 | D:2      | Noticed Terence
  1250 | D:2      | Killed Terence
  1251 | D:2      | Reached XP level 4. HP: 37/45 MP: 3/3
  1276 | D:2      | Identified the +7 flail "Dragonbane" {vamp, +Blink}
  1872 | D:3      | Found an ornate altar of the Wu Jian Council.
  1889 | D:3      | Became a worshipper of the Wu Jian Council
  2074 | D:3      | Identified the +0 leather armour of Leh Qoto {Str+3 Int+5}
  2117 | D:3      | Reached XP level 5. HP: 54/54 MP: 4/4
  2287 | D:3      | Reached skill level 4 in Unarmed Combat
  2679 | D:4      | Reached XP level 6. HP: 55/62 MP: 5/5
  2680 | D:4      | Reached * piety under Wu Jian
  2705 | D:4      | Identified the +5 quarterstaff of the Eggplant {vamp, rF++}
  2730 | D:4      | Reached skill level 5 in Unarmed Combat
  2789 | D:4      | Found a sand-covered staircase.
  2793 | Ossuary  | Entered an ossuary
  2803 | Ossuary  | Reached skill level 6 in Unarmed Combat
  2832 | Ossuary  | Reached XP level 7. HP: 65/70 MP: 6/6
  2896 | Ossuary  | Reached ** piety under Wu Jian
  3003 | D:4      | Reached skill level 7 in Unarmed Combat
  3016 | D:4      | Found a runed translucent door.
  3021 | D:4      | Noticed hawla's ghost (amateur MeFE)
  3028 | D:4      | Killed hawla's ghost
  3275 | D:4      | Found Fafod's Armour Emporium.
  3370 | D:4      | Noticed Natasha
  3390 | D:4      | Killed Natasha
  3710 | D:4      | Noticed Natasha
  3713 | D:4      | Killed Natasha
  3847 | D:4      | Noticed Natasha
  3852 | D:4      | Killed Natasha
  3871 | D:5      | Entered Level 5 of the Dungeon
  3874 | D:5      | Reached XP level 8. HP: 70/79 MP: 7/7
  3914 | D:5      | Noticed Stellion's ghost (novice GnFi)
  3914 | D:5      | Found a runed translucent door.
  3919 | D:5      | Reached skill level 5 in Fighting
  3926 | D:5      | Identified the +2 robe of the Villain {Str+3}
  3992 | D:5      | Found a staircase to the Ecumenical Temple.
  4008 | Temple   | Entered the Ecumenical Temple
  4278 | D:5      | Identified a scroll of acquirement
  4281 | D:5      | Acquired the +0 tower shield of the Meadowlark {Int+3
                  | Dex+3}
  5043 | D:6      | Reached *** piety under Wu Jian
  5066 | D:6      | Reached skill level 5 in Shields
  5070 | D:6      | Reached skill level 8 in Unarmed Combat
  5283 | D:6      | Found Buxits's Book Shoppe.
  5297 | D:6      | Bought a book of Spatial Translocations for 252 gold pieces
  5713 | D:6      | Found a broken altar of Ashenzari.
  5735 | D:6      | Found a glowing silver altar of Zin.
  5900 | D:6      | Reached skill level 1 in Spellcasting
  5900 | D:6      | Reached XP level 9. HP: 87/89 MP: 7/9
  6321 | D:8      | Reached **** piety under Wu Jian
  6407 | D:8      | Found a staircase to the Lair.
  6408 | D:8      | Noticed a komodo dragon
  6434 | D:8      | Reached skill level 9 in Unarmed Combat
  6592 | D:7      | Reached XP level 10. HP: 102/102 MP: 12/12
  6857 | D:7      | Reached ***** piety under Wu Jian
  7593 | D:8      | Identified the +0 robe of Generosity {-Cast rN++ Dex+5}
  7784 | D:8      | Reached skill level 10 in Unarmed Combat
  7913 | D:8      | Found a sparkling altar of Nemelex Xobeh.
  7913 | D:8      | Found a shimmering blue altar of Sif Muna.
  8380 | D:9      | Noticed a smoke demon
  8389 | D:9      | Noticed a rust devil
  8402 | D:9      | Noticed an orange demon
  8542 | D:9      | Noticed a sixfirhy
  8547 | D:9      | Noticed a rust devil
  8547 | D:9      | Quit the game

Illustrated notes

Levels and vault maps discovered:
D:1:      minmay_arrival_five_plusses, layout_basic,
          shapermc_ecumenical_altar_petra
D:2:      layout_basic, hex_medium, grunt_ministairs_12, minmay_pentomino_o2,
          uniq_robin, uniq_terence
D:3:      layout_loops_cross, nicolae_wu_jian_immortal_techniques
D:4:      layout_loops_cross, nicolae_ossuary_entry_catacombs, serial_shops,
          shop, ebering_ghost_reflecting_pool, uniq_natasha
D:5:      layout_rooms, minmay_temple_entry_large_hall, gammafunk_ghost_grave
D:6:      layout_loops_ring, mainiacjoe_overflow_two_lobes, serial_shops,
          nicolae_shop_tiny_glass
D:7:      layout_cave_pools, serial_undead, serial_undead_a, serial_undead_a,
          serial_undead_f, serial_undead_b, serial_undead_d, serial_undead_c,
          serial_undead_a, serial_undead_e, serial_undead_e, serial_undead_b,
          enter_bailey_3
D:8:      layout_loops_ring, gammafunk_temple_overflow_statue,
          david_lair_shrubbed
D:9:      nicolae_cairo_tiling_very_big, layout_layer_cave, eino_jars,
          uniq_psyche
Temple:   nicolae_temple_superstar

Skill      XL: |  1  2  3  4  5  6  7  8  9 10 |
---------------+-------------------------------+-----
Fighting       | 3 4 6 7 8 |  8.1
Throwing       | 1 2 |  2.0
Unarmed Combat | 3 4 6 7 8 9 10 | 10.0
Shields        | 3 4 5 6 7 |  7.8
Dodging        | 3 |  3.0
Spellcasting   | 1 2 |  2.0

Action                     |  1- 3 |  4- 6 |  7- 9 | 10-12 || total
---------------------------+-------+-------+-------+-------++-------
  Melee: Unarmed           |    79 |   153 |   376 |   181 ||   789
  Throw: Stone             |     2 |       |    10 |       ||    12
         Dart              |       |       |     7 |       ||     7
         Boomerang         |       |       |       |     5 ||     5
Ability: Lunge             |       |    13 |    37 |    15 ||    65
         Whirlwind         |       |       |     1 |     4 ||     5
    Use: Potion            |     1 |     2 |       |     2 ||     5
         Scroll            |       |     3 |    10 |     4 ||    17
   Stab: Sleeping          |       |     3 |     1 |       ||     4
         Invisible         |       |       |     1 |       ||     1
 Armour: Robe              |    14 |    27 |    75 |    56 ||   172
  Dodge: Dodged            |    14 |    27 |    92 |    75 ||   208
  Block: Kite shield       |    20 |    37 |    25 |       ||    82
         Tower shield      |       |       |   159 |   199 ||   358
